 Dungeon Crawl Stone Soup version 0.31.0-9-g3a7656b989 (webtiles) character file.

Game seed: 15343651268625485669

156 MacCMillion the Ducker (level 5, -7/41 HPs)
             Began as a Merfolk Gladiator on Jan 31, 2024.
             Succumbed to an orc wizard's poison
             ... on level 3 of the Dungeon.
             The game lasted 00:02:35 (2146 turns).

MacCMillion the Ducker (Merfolk Gladiator)          Turns: 2146, Time: 00:02:35

Health: -7/41      AC:  4    Str: 14    XL:     5   Next: 38%
Magic:  5/5        EV: 15    Int:  7    God:
Gold:   145        SH:  0    Dex: 18    Spells: 4/4 levels left

rFire   . . .        a - +0 long sword
rCold   . . .        (no shield)
rNeg    . . .        b - +0 leather armour
rPois   .            c - +0 helmet
rElec   .            (no cloak)
rCorr   .            (no gloves)
SInv    .            (no boots)
Will    .....        j - amulet of regeneration
Stlth   ++           (no ring)
HPRegen 1.06/turn    (no ring)
MPRegen 0.09/turn

%: no passive effects
@: mighty, lethally poisoned (-7 -> -35), invisible
A: (nimble swimmer 2), mertail, robust 1
a: no special abilities


You were on level 3 of the Dungeon.
You visited 1 branch of the dungeon, and saw 3 of its levels.

You collected 145 gold pieces.

Inventory:

Hand Weapons
 a - a +0 long sword (weapon)
Missiles
 d - 2 throwing nets (quivered)
 e - a javelin
Armour
 b - a +0 leather armour (worn)
 c - a +0 helmet (worn)
Jewellery
 j - an amulet of regeneration (around neck)
Scrolls
 g - 2 scrolls of identify {unknown}
 h - 3 scrolls of revelation {unknown}
 n - 2 scrolls of blinking {unknown}
 p - 2 scrolls of teleportation {unknown}
 s - a scroll of silence {unknown}
Potions
 i - 2 potions of might
 m - a potion of enlightenment {unknown}
 o - a potion of brilliance {unknown}
 q - 3 potions of curing {unknown}
 r - 2 potions of haste {unknown}


   Skills:
 - Level 2.1 Fighting
 + Level 5.3 Long Blades
 - Level 2.0 Throwing
 + Level 5.9 Dodging
 - Level 2.0 Stealth


You had 4 spell levels left.
You didn't know any spells.
Your spell library was empty.

Dungeon Overview and Level Annotations

Branches:
Dungeon (3/15)

Altars:
Ru


Innate Abilities, Weirdness & Mutations

((You are very nimble when in or above water. (Stealth+, EV+, Speed+++)))
Your lower body shifts to a powerful aquatic tail in water.
You are robust. (+10% HP)


Message History

The puff of flame misses you.
You closely miss the orc. The orc hits you with a +0 hand axe.
You slash the orc!
You kill the orc!
You slash the endoplasm!
You kill the endoplasm!
You hit something. Something hits you but does no damage.
You closely miss something. Something hits you.
You are poisoned.
Something barely misses you.
You closely miss something.
You feel sick.
You hear some strange, mumbled words.
A magic dart appears from out of thin air!
The magic dart hits you.
You closely miss something.
You feel sick. Something hits you.
You are more poisoned.
You hit something.
You feel very sick. Something hits you.
You are more poisoned.
It was a potion of might.
You feel very mighty all of a sudden.
You feel very sick. Something hits you but does no damage.
You are lethally poisoned!
It was a potion of mutation.
You feel extremely strange.
You feel robust.
You feel extremely sick. Something hits you.
* * * LOW HITPOINT WARNING * * *
You are more poisoned.
It was a potion of invisibility.
You fade into invisibility!
* * * LOW HITPOINT WARNING * * *
You feel extremely sick. Something hits you.
* * * LOW HITPOINT WARNING * * *
You are more poisoned.
It was a potion of magic.
Magic courses through your body.
You die...

.#.####.####.#
.............#
##.####.######
#.#
#.##########
#........#..
########.#.#
#.#o# #@#o#
#{#.####.#
#w.......!
#.........
....>####..
###...# #....
##.### #.#


You could see a ribbon worm (unable to see you).

Vanquished Creatures
  A scorpion (D:2)
  An orc wizard (D:3)
  3 adders (D:2)
  2 dart slugs
  A ribbon worm (D:2)
  3 orcs (D:3)
  A ball python (D:2)
  10 endoplasms
  A giant cockroach (D:2)
  A goblin (D:2)
  3 hobgoblins
  4 quokkas
  6 bats
  2 frilled lizards (D:1)
  A kobold (D:2)
  3 rats
43 creatures vanquished.

Notes
Turn   | Place    | Note
-------+----------+-------------------------------------------
     0 | D:1      | MacCMillion the Merfolk Gladiator began the quest for the
                  | Orb.
     0 | D:1      | Reached XP level 1. HP: 16/16 MP: 1/1
   206 | D:1      | Reached XP level 2. HP: 22/22 MP: 2/2
  1004 | D:2      | Found a faded altar of an unknown god.
  1072 | D:2      | Reached XP level 3. HP: 25/27 MP: 3/3
  1118 | D:2      | Reached skill level 5 in Dodging
  1230 | D:2      | Reached XP level 4. HP: 33/33 MP: 4/4
  1518 | D:2      | Noticed a scorpion
  1533 | D:2      | Killed a scorpion
  1534 | D:2      | Reached skill level 5 in Long Blades
  1534 | D:2      | Reached skill level 1 in Stealth
  1841 | D:2      | Reached XP level 5. HP: 36/38 MP: 5/5
  2040 | D:3      | Found a sacrificial altar of Ru.
  2144 | D:3      | Gained mutation: You are robust. (+10% HP) [potion of
                  | mutation]
  2145 | D:3      | HP: 1/41 [something (4)]
  2146 | D:3      | Succumbed to an orc wizard's poison

Illustrated notes

Levels and vault maps discovered:
D:1:      shiori_arrival_elements, layout_basic, minmay_splitting_lines,
          grunt_decor_cap
D:2:      layout_loops_corners, serial_glass, glass_columns_a, glass_columns_c,
          glass_columns_b, chequers_ecumenical_altar_simple_redux,
          minmay_split_cup_large
D:3:      layout_loops_ring, nicolae_ru_sacrificial_ziggurat,
          grunt_dithmenos_smoke_and_mirrors, jmf_multi_god_temple,
          uniq_crazy_yiuf_cottage, uniq_ijyb

Skill      XL: |  1  2  3  4  5 |
---------------+----------------+-----
Long Blades    | 4 5 |  5.3
Dodging        | 5 |  5.9
Stealth        | 1 2 |  2.0
Fighting       | |  2.1
Throwing       | |  2.0

Action                     |  1- 3 |  4- 6 || total
---------------------------+-------+-------++-------
  Melee: Long sword        |    84 |    51 ||   135
  Throw: Throwing net      |     1 |       ||     1
    Use: Potion            |       |     4 ||     4
 Armour: Leather armour    |    35 |    32 ||    67
  Dodge: Dodged            |    70 |    41 ||   111
